Map: Overgrown Facility

Players

remigallard

  • Race: Protoss Protoss
  • League: Platinum
  • Spawn Location: 9:00

VillageIdiot

  • Race: Protoss Protoss
  • Spawn Location: 7:00

Nightmare - Winner!

  • Race: Protoss Protoss
  • Spawn Location: 3:00

XxDepravity - Winner!

  • Race: Zerg Zerg
  • League: Platinum
  • Spawn Location: 1:00

VOD

Have the link to the VOD?

Description

"Who goes Immortals"

Time

  • Played on: July 3, 2019, 6:14 p.m.
  • Length: 15:00
Show
View Real Time Build Order
Export as new Build Order

remigallard Protoss 

Build Orders:  

Get SALT Encoding   

  12  0:01  Probe  
  13  0:13  Probe  
  14  0:21  Pylon  
  14  0:26  Probe  
  15  0:39  Probe  
  16  0:45  Gateway  
  16  0:54  Probe  
  16  0:56  Assimilator  
  16  1:19  Gateway  
  16  1:34  Cybernetics Core  
  16  1:37  Pylon  
  16  1:39  Probe  
  16  1:46  Assimilator  
  17  1:47  Probe  
  17  1:48  Zealot  
  20  1:57  Probe  
  21  2:09  Probe  
  21  2:10  Warp Gate  
  21  2:11  Stalker  
  24  2:21  Probe  
  25  2:24  Shield Battery  
  25  2:37  Probe  
  26  2:45  Probe  
  26  2:47  Pylon  
  27  2:55  Probe  
  28  3:05  Nexus  
  28  3:10  Probe  
  29  3:19  Pylon  
  29  3:22  Probe  
  30  3:30  Pylon, Probe  
  30  3:38  Probe  
  30  3:40  Pylon  
  32  3:56  Twilight Council  
  32  4:02  Stargate  
  32  4:05  Probe  
  33  4:14  Probe, Sentry x2  
  37  4:18  Probe  
  37  4:22  Probe  
  39  4:28  Pylon  
  40  4:39  Dark Shrine  
  40  4:48  Templar Archives  
  40  4:55  Probe  
  41  5:01  Nexus  
  41  5:06  Probe  
  43  5:07  Probe  
  43  5:11  Charge  
  43  5:18  Zealot, Probe  
  46  5:22  Zealot  
  48  5:41  Psionic Storm  
  48  6:21  Dark Templar  
  50  6:32  Gateway x2  
  50  6:34  Gateway  
  50  6:37  Gateway  
  50  6:40  Gateway  
  50  6:41  Gateway  
  50  6:43  Probe  
  50  6:44  Gateway  
  50  6:45  Dark Templar  
  50  6:46  Gateway  
  50  6:47  Gateway x2  
  52  6:49  Probe x2  
  52  6:51  Probe  
  55  6:54  Assimilator  
  55  6:58  Assimilator  
  55  7:01  Probe x3  
  57  7:13  Dark Templar, Probe  
  60  7:21  Gateway  
  60  7:22  Stargate  
  60  7:26  Forge, Pylon  
  60  7:45  Zealot x2  
  60  7:46  Zealot x2  
  60  7:47  Zealot  
  60  7:49  Zealot  
  68  7:51  Zealot  
  68  7:52  Zealot x3  
  61  8:06  Dark Templar  
  61  8:07  Zealot  
  61  8:08  Zealot x2  
  64  8:33  Probe  
  65  8:41  Probe  
  66  8:51  Probe  
  43  9:25  High Templar  
  43  9:26  High Templar x2  
  43  9:27  Zealot x3  
  43  9:28  Zealot x3  
  43  9:29  Zealot x2  
  65  9:34  Zealot  
  45  10:18  Void Ray  
  41  10:31  Zealot x2  
  41  10:32  Zealot x2  
  41  10:33  Zealot x4  
  41  10:34  Zealot  
  59  10:35  Zealot  
  59  10:36  Zealot  
  59  10:37  Zealot  
  65  10:46  Assimilator  
  65  10:50  Assimilator  
  65  10:54  Pylon  
  62  10:57  Stalker x2, Pylon  
  62  10:58  Stalker  
  62  11:00  Pylon  
  58  11:12  Stalker  
  53  11:32  Zealot  
  55  11:33  Zealot  
  55  11:34  Zealot  
  32  12:12  Pylon  
  32  12:14  Stalker  
  32  12:15  Stalker x4  
Show
View Real Time Build Order
Export as new Build Order

VillageIdiot Protoss 

Build Orders:  

Get SALT Encoding   

  12  0:01  Probe  
  13  0:13  Probe  
  14  0:25  Probe  
  15  0:41  Pylon  
  15  0:59  Probe  
  15  1:01  Gateway  
  16  1:09  Gateway  
  15  1:23  Pylon  
  15  1:32  Assimilator  
  15  1:37  Probe  
  15  1:43  Forge  
  15  1:45  Probe  
  15  1:46  Nexus  
  17  1:56  Probe  
  17  2:01  Pylon  
  18  2:08  Probe  
  18  2:12  Pylon  
  19  2:21  Photon Cannon  
  19  2:39  Photon Cannon  
  19  2:51  Gateway  
  19  3:12  Probe  
  19  3:15  Probe  
  19  3:17  Photon Cannon  
  21  3:20  Probe  
  21  3:21  Pylon  
  22  3:27  Probe  
  22  3:29  Probe  
  24  3:39  Probe  
  24  3:40  Photon Cannon  
  25  3:42  Probe  
  25  3:47  Cybernetics Core  
  26  3:52  Probe  
  26  3:54  Probe  
  28  4:01  Probe  
  28  4:02  Photon Cannon  
  28  4:03  Probe  
  28  4:09  Probe  
  31  4:17  Assimilator  
  31  4:19  Probe x2  
  35  4:24  Sentry  
  35  4:28  Assimilator  
  35  4:31  Assimilator  
  35  4:33  Probe  
  36  4:39  Pylon  
  36  4:41  Probe  
  37  4:49  Shield Battery  
  37  4:50  Probe  
  37  4:53  Shield Battery  
  37  4:55  Robotics Facility  
  37  4:57  Probe  
  37  4:58  Robotics Facility  
  39  5:09  Probe  
  40  5:16  Photon Cannon  
  40  5:17  Probe  
  40  5:20  Probe  
  42  5:32  Probe  
  43  5:45  Robotics Facility  
  27  6:18  Immortal x2  
  33  6:21  Robotics Bay  
  26  6:25  Immortal  
  29  6:51  Gateway  
  29  6:52  Probe  
  38  7:17  Pylon  
  38  7:18  Pylon  
  38  7:21  Disruptor x2  
  38  7:22  Disruptor  
  35  8:27  Cybernetics Core  
  35  8:33  Nexus  
  14  9:11  Probe  
  14  9:15  Pylon  
  15  9:37  Probe  
  12  9:39  Pylon  
  12  9:42  Assimilator  
  12  9:47  Assimilator  
  9  9:58  Stargate  
  1  10:01  Stargate  
  1  10:08  Probe  
  2  10:16  Forge, Probe  
  3  10:26  Probe  
  4  10:38  Probe  
  4  10:41  Pylon  
  4  10:42  Oracle  
  8  10:45  Oracle  
  8  10:46  Probe  
  11  10:54  Probe  
  13  11:04  Probe  
  13  11:07  Pylon  
  14  11:16  Probe  
  15  11:24  Photon Cannon  
  15  11:26  Photon Cannon  
  15  11:28  Probe  
  15  11:29  Cybernetics Core  
  15  11:40  Probe  
  16  11:53  Probe  
  17  12:00  Photon Cannon  
  17  12:04  Photon Cannon  
  17  12:05  Probe  
  18  12:42  Probe  
  18  12:50  Phoenix, Probe  
  18  12:51  Phoenix  
  23  12:58  Probe  
  25  13:06  Probe  
  26  13:36  Probe  
  28  13:48  Probe  
  28  13:57  Probe  
  23  14:04  Oracle  
  23  14:05  Probe  
  27  14:14  Probe  
  27  14:19  Photon Cannon  
  27  14:23  Pylon  
  28  14:24  Shield Battery  
  28  14:26  Shield Battery  
Show
View Real Time Build Order
Export as new Build Order

Nightmare Protoss - Winner!

Build Orders:  

Get SALT Encoding   

  12  0:01  Probe  
  13  0:13  Probe  
  14  0:18  Pylon  
  14  0:25  Probe  
  15  0:35  Probe  
  15  0:37  Gateway  
  16  0:46  Assimilator  
  16  0:56  Probe  
  17  1:08  Probe  
  18  1:20  Probe  
  18  1:23  Cybernetics Core  
  19  1:29  Probe, Assimilator  
  20  1:37  Probe  
  20  1:43  Forge  
  20  1:46  Probe  
  22  1:58  Probe  
  23  2:04  Robotics Facility  
  23  2:20  Pylon  
  23  2:25  Nexus  
  23  2:41  Robotics Facility  
  23  2:49  Immortal, Protoss Ground Weapons Level 1  
  27  2:58  Pylon  
  27  3:21  Immortal  
  31  3:41  Immortal  
  35  3:48  Probe  
  35  3:49  Probe  
  37  4:05  Immortal  
  41  4:22  Immortal  
  45  4:30  Pylon  
  45  4:35  Immortal  
  49  4:51  Probe x2  
  51  5:11  Probe x2  
  51  5:13  Pylon  
  53  5:23  Probe x2  
  53  5:24  Twilight Council  
  55  5:35  Probe  
  56  6:07  Immortal  
  56  6:08  Immortal  
  64  7:04  Observer  
  57  7:09  Immortal  
  57  7:12  Probe x2  
  57  7:13  Robotics Facility  
  57  7:15  Assimilator  
  63  7:19  Assimilator  
  63  7:22  Protoss Shields Level 1  
  63  7:23  Forge  
  63  7:24  Probe x2  
  63  7:25  Immortal  
  69  7:30  Nexus  
  69  7:32  Assimilator  
  69  7:36  Probe, Assimilator  
  70  7:41  Pylon  
  70  7:43  Pylon  
  70  7:49  Immortal  
  70  7:59  Probe  
  70  8:02  Pylon  
  70  8:04  Immortal, Pylon  
  79  8:15  Probe  
  79  8:16  Probe  
  80  8:28  Probe  
  80  8:29  Observer  
  82  8:44  Observer  
  83  8:51  Immortal  
  79  8:58  Immortal  
  63  9:23  Immortal  
  63  9:30  Immortal  
  71  9:53  Immortal  
  71  9:59  Immortal  
  71  10:20  Observer  
  71  10:23  Immortal  
  71  10:33  Immortal  
  79  10:52  Immortal  
  79  11:03  Nexus  
  83  11:06  Pylon  
  83  11:07  Pylon  
  83  11:10  Pylon  
  83  11:12  Immortal  
  83  11:13  Pylon  
  83  11:15  Pylon  
  87  11:19  Protoss Ground Weapons Level 2  
  87  11:20  Robotics Facility  
  87  11:22  Probe x3  
  87  11:23  Robotics Facility  
  90  11:31  Immortal  
  94  11:34  Probe x2  
  96  11:51  Immortal  
  100  12:11  Immortal  
  104  12:26  Immortal  
  108  12:40  Immortal  
  104  12:45  Immortal x2  
  112  13:00  Immortal  
  116  13:19  Immortal  
  120  13:24  Immortal  
  115  13:46  Robotics Bay  
Show
View Real Time Build Order
Export as new Build Order

XxDepravity Zerg - Winner!

Build Orders: Hatch First 

Get SALT Encoding   

  12  0:04  Drone  
  13  0:12  Overlord  
  13  0:27  Drone  
  14  0:31  Drone x2  
  16  0:39  Drone  
  17  1:31  Hatchery  
  17  1:32  Drone x2, Spawning Pool  
  17  1:44  Extractor  
  17  1:45  Drone x2  
  18  1:53  Drone  
  19  2:04  Overlord  
  19  2:19  Drone  
  19  2:20  Queen  
  22  2:27  Zergling x2  
  23  2:44  Metabolic Boost  
  23  2:45  Queen  
  23  2:46  Zergling x2  
  26  3:00  Queen  
  28  3:09  Zergling x2  
  30  3:12  Drone  
  30  3:16  Hatchery  
  30  3:18  Overlord  
  29  3:26  Drone x2  
  31  3:29  Drone  
  32  3:36  Drone x2  
  34  3:55  Zergling x10  
  39  4:01  Baneling Nest  
  38  4:05  Drone x2  
  38  4:06  Drone x2  
  42  4:20  Drone x2  
  44  4:24  Overlord  
  44  4:28  Queen  
  46  4:42  Drone x4  
  46  4:44  Overlord, Zergling x2  
  46  4:45  Zergling x4  
  53  4:58  Zergling x2  
  53  4:59  Zergling x8  
  58  5:06  Extractor, Queen  
  60  5:14  Zergling x4  
  61  5:32  Baneling x2  
  61  5:33  Baneling x3  
  61  5:34  Baneling  
  61  5:35  Queen  
  61  5:36  Queen  
  65  5:45  Queen  
  61  6:20  Zergling x2  
  61  6:21  Zergling x8  
  66  6:27  Overlord x2  
  66  6:28  Overlord x2  
  66  6:33  Overlord x4  
  66  6:44  Hatchery  
  65  6:50  Baneling x6  
  65  6:51  Zergling x10  
  70  6:58  Lair  
  70  7:01  Drone x3  
  72  7:02  Drone x2  
  72  7:03  Drone  
  72  7:04  Overlord, Evolution Chamber x2  
  74  7:29  Drone x4  
  79  7:30  Drone x5, Extractor x2  
  79  7:31  Drone x2  
  79  7:56  Zergling x16  
  79  7:57  Zergling x8  
  82  8:02  Zergling x2  
  82  8:03  Zergling x12  
  83  8:17  Drone x3  
  83  8:21  Zerg Melee Weapons Level 1  
  83  8:22  Zerg Ground Armor Level 1  
  83  8:26  Spire  
  72  9:04  Zergling x22  
  72  9:05  Zergling x16  
  87  9:13  Drone x2  
  85  9:30  Extractor x2  
  82  9:31  Drone x3  
  82  9:32  Drone x2  
  82  9:33  Drone x2  
  89  9:39  Mutalisk x7  
  89  9:42  Zergling x6  
  102  9:53  Mutalisk x2  
  102  9:57  Drone  
  102  9:58  Drone x8  
  111  10:02  Drone  
  111  10:03  Overlord x2  
  102  10:20  Zerg Melee Weapons Level 2  
  102  10:21  Zerg Ground Armor Level 2  
  98  10:34  Zergling x4  
  98  10:35  Zergling x32  
  114  11:28  Mutalisk  
  114  11:29  Mutalisk x6  
  114  11:30  Mutalisk x5  
  138  11:41  Zergling x2  
  138  11:42  Mutalisk x2, Zergling x18  
  134  12:11  Mutalisk x4  
  128  12:51  Mutalisk  
  128  12:52  Mutalisk x6  
  128  12:57  Mutalisk  
  128  12:58  Zergling x8  
  148  13:26  Mutalisk x4  
  148  13:27  Mutalisk  
  158  13:42  Infestation Pit  
  158  13:45  Hatchery  
  158  13:46  Overlord x2  
  155  14:08  Mutalisk  
  155  14:09  Mutalisk x3  
  163  14:27  Zergling x12  
Tags
 
Add a new tag
Caveats
  • Supply blocks, unpowered buildings, or Contaminate may cause inaccurate times.
  • Supply counts are checked every 10 seconds.